 Dungeon Crawl Stone Soup version 0.27-a0-1319-geec4fb4e21 (console) character file.

Game seed: 14388912139433883608

520236 jejorda2 the Hoplite (level 25, -7/198 (200) HPs)
             Began as a Merfolk Berserker on June 21, 2021.
             Was a High Priest of Trog.
             Killed from afar by an ancient lich (51 damage)
             ... with a bolt of acid
             ... on level 5 of the Vaults on June 22, 2021.
             The game lasted 03:22:05 (61602 turns).

jejorda2 the Hoplite (Merfolk Berserker)           Turns: 61602, Time: 03:22:06

HP:   -7/198 (200)  AC: 37    Str: 32    XL:     25   Next: 85%
MP:   23/23         EV: 17    Int:  2    God:    Trog [*****.]
Gold: 5787          SH: 27    Dex: 14    Spells: 24/24 levels left

rFire    + + +     SeeInvis +   a - +18 lance {slay drac, rPois rF+ rC+ AC+3}
rCold    + + +     Faith    .   T - +0 tower shield
rNeg     . . .     Spirit   .   P - +0 gold dragon scales
rPois    +         Reflect  .   F - +0 helmet of Reason {rPois rC- Str+3 SInv}
rElec    +         Harm     .   k - +2 cloak
rCorr    .         Rampage  ∞   v - +2 pair of gloves
Will     +....                  o - +3 pair of seven-league boots {Rampage+∞}
Stlth    ..........             x - amulet "Holeal" {rC++ Regen+ Slay+2}
HPRegen  1.43/turn              r - ring of Uqimpoeg {rPois rF+ Int-4 Slay+5}
MPRegen  0.18/turn              n - ring "Ozi Rieh" {rElec rF++ EV+4 Str+3 Int-3}

@: studying Shields, lightly drained
A: (nimble swimmer 2), mertail
}: 2/15 runes: decaying, serpentine
a: Renounce Religion, Berserk, Trog's Hand, Brothers in Arms


You were on level 5 of the Vaults.
You worshipped Trog.
Trog was extremely pleased with you.
You visited 8 branches of the dungeon, and saw 44 of its levels.
You visited the Abyss 2 times.
You also visited: Trove and Ice Cave.

You collected 10044 gold pieces.
You spent 4257 gold pieces at shops.

Inventory:

Hand Weapons
 a - the +18 lance "Wyrmbane" (weapon) {slay drac, rPois rF+ rC+ AC+3}
   (You found it on level 5 of the Dungeon)

   It affects your AC (+3).
   It protects you from fire.
   It protects you from cold.
   It protects you from poison.
 b - a +9 antimagic demon trident
Missiles
 A - 8 datura-tipped darts
 B - 2 throwing nets
 J - 22 curare-tipped darts
 L - 39 boomerangs (quivered)
 V - 7 silver javelins
Armour
 k - a +2 cloak (worn)
 o - the +3 pair of seven-league boots (worn) {Rampage+∞}
   (You acquired it on level 1 of the Depths)
 v - a +2 pair of gloves (worn)
 F - the +0 helmet of Reason (worn) {rPois rC- Str+3 SInv}
   (You found it on level 14 of the Dungeon)

   It affects your strength (+3).
   It makes you vulnerable to cold.
   It protects you from poison.
   It lets you see invisible.
 P - +0 gold dragon scales (worn)
 T - a +0 tower shield (worn)
Jewellery
 l - the ring "Gezauc" {Fly rCorr Str+6}
   (You found it on level 4 of the Depths)

   [ring of flight]

   It affects your strength (+6).
   It grants you flight.
   It protects you from acid and corrosion.
 n - the ring "Ozi Rieh" (right hand) {rElec rF++ EV+4 Str+3 Int-3}
   (You bought it in a shop on level 2 of the Orcish Mines)

   [ring of evasion]

   It affects your evasion (+4).
   It affects your strength (+3).
   It affects your intelligence (-3).
   It greatly protects you from fire.
   It insulates you from electricity.
 r - the ring of Uqimpoeg (left hand) {rPois rF+ Int-4 Slay+5}
   (You bought it in a shop on level 4 of the Depths)

   [ring of protection from fire]

   It affects your intelligence (-4).
   It affects your accuracy and damage with ranged weapons and melee attacks
   (+5).
   It protects you from fire.
   It protects you from poison.
 x - the amulet "Holeal" (around neck) {rC++ Regen+ Slay+2}
   (You acquired it on level 1 of the Swamp)

   [amulet of regeneration]

   It affects your accuracy and damage with ranged weapons and melee attacks
   (+2).
   It greatly protects you from cold.
   It increases your rate of health regeneration.
 z - the ring of Curiosity {rPois Will+ Str+6 Dex+3}
   (You took it off a deep elf elementalist on level 3 of the Elven Halls)

   [ring of willpower]

   It affects your strength (+6).
   It affects your dexterity (+3).
   It protects you from poison.
   It increases your willpower.
Wands
 p - a wand of acid (18)
 q - a wand of charming (19)
 s - a wand of flame (112)
 y - a wand of iceblast (51)
 G - a wand of digging (10)
 M - a wand of paralysis (34)
 N - a wand of mindburst (32)
 Y - a wand of polymorph (52)
Scrolls
 e - 6 scrolls of silence
 g - 12 scrolls of blinking
 h - 20 scrolls of teleportation
 K - a scroll of summoning
 Q - 5 scrolls of fear
 R - 2 scrolls of holy word
 S - 5 scrolls of magic mapping
 W - 6 scrolls of fog
Potions
 c - 20 potions of curing
 d - 2 potions of resistance
 f - 5 potions of might
 i - 7 potions of flight
 j - 2 potions of haste
 t - a potion of berserk rage
 u - 16 potions of attraction
 w - 6 potions of invisibility
 D - 3 potions of cancellation
 E - 5 potions of mutation
 H - 2 potions of magic
 I - 8 potions of heal wounds
 X - 2 potions of ambrosia
Miscellaneous
 m - a phial of floods
 C - a condenser vane
 U - a tin of tremorstones (2/2)
 Z - a lightning rod (4/4)


   Skills:
 + Level 16.8 Fighting
 - Level 7.4 Long Blades
 - Level 17.0 Polearms
 - Level 16.0 Throwing
 * Level 16.1 Armour
 + Level 16.5 Dodging
 - Level 3.0 Stealth
 * Level 25.1 Shields
 - Level 12.0 Evocations


You had 24 spell levels left.
You didn't know any spells.
Your spell library was empty.

Dungeon Overview and Level Annotations

Branches:
Dungeon (15/15)            Temple (0/1) D:6            Lair (6/6) D:11
  Swamp (4/4) Lair:2        Snake (4/4) Lair:3        Slime (0/5) Lair:6
    Orc (2/2) D:9             Elf (3/3) Orc:2        Vaults (5/5) D:14
  Crypt (0/3) Vaults:2     Depths (5/5) D:15            Zot (0/5) Depths:5
  IceCv (visited)

Altars:
Gozag
Qazlal
Trog
Jiyva
Lugonu

Shops:
D:4 ?   D:9 [   Orc:1 *   Orc:2 =!(*   Elf:2 ?   Elf:3 !   Snake:2 ::=
Vaults:1 (   Vaults:4 [   Depths:1 *   Depths:4 (==

Portals:
Hell: Depths:1 Depths:2 Depths:3 Depths:4 Depths:5
Abyss: D:9 Depths:4
Pandemonium: Depths:3
Ziggurat: Depths:5

Annotations:
Swamp:1 2 transporters, Voickih's ghost, adept MfGl
Vaults:5 Saint Roka


Innate Abilities, Weirdness & Mutations

((You are quick and stealthy near water. (Stealth+, EV+, Speed+++)))
Your lower body shifts to a powerful aquatic tail in water.


Message History

The ghostly quicksilver dragon is moderately damaged.
The unseen horror hits you but does no damage.
The ghostly quicksilver dragon bites you!
You block the ghostly quicksilver dragon's attack.
You block the titan's attack. You block the ettin's attack. x2
The titan waves its arms in wide circles.
The air twists around and strikes you! You block the titan's attack.
The ancient lich touches you!
You feel drained.
The unseen horror hits you but does no damage.
Found 19 gold pieces and 29 stones.
You block the unseen horror's attack. x2; The ettin completely misses you.
You block the ettin's attack.
Found a manual of Earth Magic.
The ancient lich misses you.
Found a runed scale mail.
Your skin stops crawling.
You feel less strong-willed.
The titan waves its arms in wide circles.
The air twists around and strikes you.
The ancient lich mumbles some strange words.
The ancient lich flickers and vanishes for a moment.
The titan waves its arms in wide circles.
The air twists around and strikes you! The ancient lich casts a spell at you.
The crystal spear hits you!!
* * * LOW HITPOINT WARNING * * *
Items here: ††.
You impale the ettin!!
The ettin is severely wounded.
You impale the ettin!!
You kill the ettin!
Trog accepts your kill.
You hit the ancient lich.
The ancient lich is lightly damaged.
The ancient lich completely misses you.
You puncture the ancient lich!
The ancient lich is moderately damaged.
The ancient lich points at you and mumbles some strange words.
The bolt of acid hits you!!!
You die...

#..#:[#.......#
#..#($#....e).#
#..#....p#pC###
#..# #..CXC).# #..#
#..Dp.p.#
#..####.L#........
#..#..C..#........
#..#..L#####..#..#
#..##.)@.# ....p..
#..##).))#.........
#..#..........#..
#.....##...... ..
#....######### #
#........ .
#)....... T
#........ .
#........ .


You could see a titan and an ancient lich (fast, invisible).

Vanquished Creatures
  A juggernaut (Depths:3)
  3 golden dragons
  2 caustic shrikes (Depths:4)
  A bone dragon (Depths:5)
  Nikola (Swamp:2)
  The ghost of Goerukk the Blocker, an adept HuFi (Depths:5)
  The ghost of Kedwuhen the Blocker, an adept HuFi (Depths:5)
  An iron giant (Depths:5)
  5 tentacled monstrosities
  An Ice Fiend (IceCv)
  Asterion (Depths:1)
  3 titans
  A lich (Depths:4)
  2 deep elf master archers (Elf:3)
  3 deep elf blademasters
  A thorn hunter (Swamp:4)
  3 sphinxes
  7 tengu reavers
  3 shadow dragons
  Kirke (D:14)
  2 storm dragons
  5 nagarajas (Snake:4)
  4 iron dragons
  A draconian knight (Depths:5)
  4 deep elf sorcerers
  A fire giant (shapeshifter) (Vaults:4)
  16 fire giants
  A draconian shifter (Depths:5)
  14 vault wardens
  12 frost giants
  2 orc warlords
  Aizul (Snake:1)
  3 ghouls (Swamp:4)
  A draconian annihilator (Depths:5)
  A juggernaut skeleton (Depths:1)
  19 ironbound preservers
  21 very ugly things
  2 spriggan defenders (Depths:4)
  A deep elf elementalist (Elf:3)
  19 stone giants
  10 vampire knights
  An entropy weaver (Vaults:5)
  6 deep elf demonologists
  2 white draconians (Depths:5)
  2 black draconians (Depths:5)
  7 deep elf annihilators
  2 yellow draconians (Depths:5)
  10 dire elephants
  7 bunyips
  16 spark wasps
  4 eleionomae
  Snorg (D:11)
  13 ettins
  A crystal guardian (Vaults:3)
  2 deep elf death magi (Elf:3)
  2 shambling mangroves
  4 ironbound thunderhulks
  16 great orbs of eyes
  9 yaktaur captains
  11 ice dragons
  13 fire dragons
  10 vault guards
  8 deep elf high priests
  14 naga warriors
  3 boulder beetles
  20 hydras
  6 rakshasas
  2 salamander tyrants (Snake:4)
  13 ironbound frosthearts
  A catoblepas (Lair:6)
  2 peacekeepers
  11 centaur warriors
  3 spriggan air magi
  16 dancing weapons
  4 anacondas
  4 alligators
  2 two-headed ogres (D:12)
  12 deep troll earth magi
  3 tengu warriors
  3 vampire magi
  An anaconda (shapeshifter) (Depths:1)
  10 deep troll shamans
  22 death yaks
  4 orc high priests
  4 shock serpents (Snake:4)
  7 spriggan berserkers
  8 ironbound beastmasters
  A hell knight (Depths:4)
  A sun demon (Depths:3)
  9 deep elf knights
  2 soul eaters (Depths:3)
  11 iron trolls
  14 naga sharpshooters
  2 skeletal warriors (D:15)
  A sea snake (Lair:6)
  3 salamander mystics
  3 goliath frogs
  A goliath frog (shapeshifter) (Depths:3)
  A golden dragon zombie (Depths:2)
  99 deep trolls
  6 flayed ghosts
  9 swamp dragons
  A bog body (Swamp:4)
  A spriggan druid (Swamp:3)
  6 deep elf archers
  15 ironbound convokers
  Pikel (D:6)
  8 naga ritualists
  6 glowing orange brains
  13 mana vipers
  A golden dragon skeleton (Depths:2)
  6 necromancers
  15 wizards
  8 phantasmal warriors
  6 lindwurms
  18 harpies
  A harpy (shapeshifter) (Elf:2)
  16 deep elf zephyrmancers
  A sphinx zombie (Vaults:2)
  9 orc knights
  24 deep elf pyromancers
  6 orc sorcerers
  A tengu skeleton (Depths:2)
  An iron dragon zombie (Depths:1)
  2 manticores
  43 ugly things
  A stone giant zombie (Vaults:2)
  7 will-o-the-wisps
  A wolf spider (shapeshifter) (Depths:3)
  2 oklob plants
  A wolf spider (D:14)
  A salamander (shapeshifter) (Elf:3)
  9 cyclopes
  Joseph (D:7)
  A stone giant skeleton (D:15)
  A human skeleton (Vaults:2)
  9 salamanders
  2 centaur zombies
  2 gargoyles
  17 naga magi
  9 vault sentinels
  28 black mambas
  A guardian serpent (Snake:4)
  2 ice statues (IceCv)
  A torpor snail (Lair:3)
  A spriggan zombie (D:15)
  11 cane toads
  2 kobold demonologists
  20 yaktaurs
  2 unseen horrors
  5 tengu conjurers
  3 rime drakes
  17 komodo dragons
  11 ice devils (IceCv)
  A tormentor (Depths:3)
  A spectral naga (Snake:1)
  A wind drake (Lair:5)
  A yaktaur skeleton (Vaults:2)
  4 trolls
  A bloated husk (Swamp:1)
  A meliai (shapeshifter) (Depths:3)
  3 meliai (D:13)
  5 polar bears
  20 hornets
  5 blink frogs
  5 tyrant leeches
  A deep troll zombie (D:15)
  6 dream sheep (Lair:3)
  8 slime creatures
  A meliai zombie (D:10)
  A slime creature (shapeshifter) (Vaults:3)
  Sigmund (D:3)
  An air elemental (Elf:2)
  7 wyverns
  Eustachio (D:5)
  10 spriggans
  4 vampires
  A shadow (D:9)
  2 water elementals
  2 wraiths
  A ynoxinul (Depths:3)
  2 hogs (D:14)
  65 yaks
  A yak (shapeshifter) (D:15)
  3 basilisks
  2 fire elementals
  2 wargs
  8 vampire mosquitoes
  A human zombie (D:15)
  An iron troll simulacrum (IceCv)
  51 nagas
  16 swamp worms
  2 harpy simulacra (IceCv)
  A two-headed ogre zombie (D:9)
  4 acid dragons
  13 water moccasins
  2 floating eyes (Depths:4)
  4 hydra simulacra (IceCv)
  2 sky beasts
  Duvessa (D:7)
  A meliai simulacrum (D:15)
  24 orc warriors
  2 black bears
  7 swamp drakes
  An ice beast (D:8)
  3 ettin simulacra (IceCv)
  11 wolves
  9 centaurs
  4 boggarts
  8 ogres
  A necrophage (D:5)
  3 lemures (D:6)
  12 kobold brigands
  2 phantoms (D:9)
  13 bullfrogs
  A gnoll sergeant (D:5)
  3 scorpions
  An earth elemental (Elf:3)
  Dowan (D:7)
  3 troll zombies (D:9)
  A killer bee (D:8)
  3 wights (D:9)
  A troll skeleton (D:14)
  14 electric eels
  4 howler monkeys
  5 spriggan skeletons (D:14)
  A bullfrog zombie (D:5)
  2 bullfrog skeletons
  A centaur skeleton (D:6)
  19 orc priests
  A hound (D:6)
  5 iguanas
  24 orc wizards
  2 killer bee zombies
  4 ogre zombies (D:9)
  A hound skeleton (D:4)
  3 howler monkey zombies
  14 gnolls
  7 adders
  3 ufetubi
  An adder skeleton (D:4)
  5 dart slugs
  66 orcs
  3 ball pythons
  6 endoplasms
  6 giant cockroaches
  8 goblins
  5 hobgoblins
  11 jackals
  26 kobolds
  3 quokkas
  5 bats
  8 frilled lizards
  3 goblin skeletons (D:9)
  A goblin zombie (D:9)
  3 hobgoblin zombies (D:9)
  3 orc skeletons (D:9)
  15 orc zombies (D:9)
  5 rats
  A briar patch (Swamp:4)
1729 creatures vanquished.

Vanquished Creatures (collateral kills)
  Mennas (Vaults:2)
  The ghost of Caetesh the Imperceptible, a master GnFi of Cheibriados (Depths:5)
  A deep elf sorcerer (Elf:3)
  A deep elf elementalist (Elf:3)
  2 very ugly things (Vaults:5)
  Nessos (Lair:4)
  Azrael (Snake:2)
  2 ettins (Vaults:5)
  A deep elf high priest (Elf:3)
  A rakshasa (Depths:1)
  A spriggan air mage (Depths:3)
  A vault guard (Vaults:3)
  A merfolk avatar (Lair:6)
  2 dancing weapons (Elf:2)
  A deep troll shaman (Depths:5)
  A wizard (Depths:1)
  A sphinx zombie (Depths:1)
  A deep elf pyromancer (Elf:3)
  2 ugly things
  3 oklob plants (Lair:3)
  A fire giant skeleton (Depths:1)
  A salamander (Snake:3)
  An elephant (Lair:6)
  A frost giant skeleton (Depths:1)
  A kobold demonologist (D:9)
  2 komodo dragons
  A yaktaur (Vaults:2)
  A polar bear (Lair:6)
  2 hogs (D:14)
  A fire elemental (Snake:2)
  A water elemental (Elf:3)
  A basilisk (D:14)
  A water moccasin (Lair:6)
  2 nagas (Snake:2)
  3 hell hounds (Snake:2)
  An orc warrior (D:8)
  2 kobold brigands (D:9)
  An orc (D:8)
50 creatures vanquished.

Vanquished Creatures (others)
  A vault guard (Vaults:5)
  3 bloated husks (Swamp:3)
  A tyrant leech (Swamp:3)
  A human (D:14)
  7 bushes
  8 foxfires
  36 fungi
  40 plants
  7 withered plants (D:15)
104 creatures vanquished.

Grand Total: 1883 creatures vanquished

Notes
Turn   | Place    | Note
-------+----------+-------------------------------------------
     0 | D:1      | jejorda2 the Merfolk Berserker began the quest for the Orb.
     0 | D:1      | Reached XP level 1. HP: 18/18 MP: 1/1
   166 | D:1      | Reached XP level 2. HP: 24/24 MP: 2/2
   548 | D:1      | Reached XP level 3. HP: 27/29 MP: 3/3
   857 | D:2      | Reached ** piety under Trog
   899 | D:2      | Reached XP level 4. HP: 37/37 MP: 4/4
  1911 | D:3      | Noticed Sigmund
  1922 | D:3      | Killed Sigmund
  1923 | D:3      | Reached skill level 5 in Long Blades
  1923 | D:3      | Reached XP level 5. HP: 43/43 MP: 5/5
  1923 | D:3      | Reached XP level 6. HP: 49/49 MP: 6/6
  2339 | D:3      | Reached *** piety under Trog
  2834 | D:4      | Identified the +6 short sword of Molyit {vorpal, Int+5}
  3087 | D:4      | Reached skill level 5 in Fighting
  3182 | D:4      | Reached XP level 7. HP: 56/56 MP: 7/7
  3478 | D:4      | Found Asuocies's Magic Scroll Emporium.
  3485 | D:4      | Bought a scroll of silence for 97 gold pieces
  3890 | D:5      | Entered Level 5 of the Dungeon
  4081 | D:5      | Reached skill level 1 in Shields
  4247 | D:5      | Reached skill level 2 in Shields
  4253 | D:5      | Identified the +0 leather armour of the Comet {rElec Int+3}
  4351 | D:5      | Reached XP level 8. HP: 51/64 MP: 6/8
  4434 | D:5      | Found the +8 lance "Wyrmbane" {slay drac, rPois rF+ rC+
                  | AC+3}
  4461 | D:5      | Found an opulent altar of Gozag.
  4470 | D:5      | Reached skill level 1 in Polearms
  4545 | D:5      | Noticed Eustachio
  4560 | D:5      | Killed Eustachio
  4561 | D:5      | Reached skill level 3 in Shields
  4693 | D:5      | Reached **** piety under Trog
  5265 | D:6      | Noticed Pikel
  5286 | D:6      | Killed Pikel
  5287 | D:6      | Reached skill level 4 in Shields
  5287 | D:6      | Reached XP level 9. HP: 69/69 MP: 7/9
  5396 | D:6      | Found a staircase to the Ecumenical Temple.
  6041 | D:7      | You fall into a shaft and drop 3 floors!
  6041 | D:10     | Entered Level 10 of the Dungeon
  6042 | D:10     | Noticed a troll
  6053 | D:10     | Killed a troll
  6587 | D:7      | Noticed Joseph
  6599 | D:7      | Killed Joseph
  6600 | D:7      | Reached skill level 10 in Polearms
  6600 | D:7      | Reached skill level 5 in Armour
  6890 | D:7      | Noticed Duvessa
  6896 | D:7      | Reached XP level 10. HP: 73/76 MP: 10/10
  6904 | D:7      | Killed Duvessa
  6912 | D:7      | Noticed Dowan
  6921 | D:7      | Killed Dowan
  7515 | D:8      | Reached skill level 1 in Evocations
  7747 | D:8      | Reached ***** piety under Trog
  8004 | D:8      | Reached skill level 5 in Dodging
  8371 | D:9      | Found a staircase to the Orcish Mines.
  8656 | D:9      | Reached skill level 5 in Evocations
  8981 | D:9      | Found Osem's Armour Boutique.
  9169 | D:9      | Found a large runed translucent door.
  9170 | D:9      | Found a large runed translucent door.
  9172 | D:9      | Noticed a white ugly thing
  9173 | D:9      | Found a corrupted altar of Lugonu.
  9173 | D:9      | Noticed a purple ugly thing
  9175 | D:9      | Noticed a kobold demonologist
  9176 | D:9      | Noticed a kobold demonologist
  9232 | D:9      | Identified the +10 glaive "Kedd" {vorpal, Dex+3} (Trog
                  | gifted it to you on level 9 of the Dungeon)
  9232 | D:9      | Received a gift from Trog
  9291 | D:9      | Found a one-way gate to the infinite horrors of the Abyss.
  9478 | D:9      | Killed a kobold demonologist
  9479 | D:9      | Reached skill level 1 in Throwing
  9479 | D:9      | Reached XP level 11. HP: 82/82 MP: 11/11
  9482 | D:9      | Killed a purple ugly thing
  9487 | D:9      | Killed a white ugly thing
  9848 | D:10     | Reached skill level 5 in Shields
 10661 | D:11     | Noticed a death yak
 10662 | D:11     | Noticed a death yak
 10667 | D:11     | Noticed a death yak
 10670 | D:11     | Noticed a death yak
 10672 | D:11     | Noticed a death yak
 10678 | D:11     | Killed a death yak
 10717 | D:11     | Killed a death yak
 10720 | D:11     | Killed a death yak
 10721 | D:11     | Reached skill level 6 in Shields
 10725 | D:11     | Killed a death yak
 10733 | D:11     | Killed a death yak
 10800 | D:11     | Found a staircase to the Lair.
 10836 | D:11     | Noticed a cyclops
 10848 | D:11     | Killed a cyclops
 10849 | D:11     | Reached XP level 12. HP: 97/97 MP: 12/12
 10981 | D:11     | Noticed Snorg
 10983 | D:11     | Noticed a four-headed hydra
 10994 | D:11     | Killed Snorg
 10995 | D:11     | Reached skill level 10 in Fighting
 10995 | D:11     | Reached skill level 5 in Throwing
 11003 | D:11     | Killed a four-headed hydra
 11033 | D:11     | Reached skill level 7 in Shields
 11715 | Lair:1   | Entered Level 1 of the Lair of Beasts
 11961 | Lair:1   | Identified a scroll of acquirement
 11961 | Lair:1   | Acquired 790 gold pieces
 13037 | Lair:2   | Found a staircase to the Swamp.
 13335 | Lair:2   | Noticed an eight-headed hydra
 13350 | Lair:2   | Killed an eight-headed hydra
 13351 | Lair:2   | Reached skill level 8 in Shields
 13668 | Lair:2   | Reached XP level 13. HP: 89/108 MP: 13/13
 15107 | Lair:3   | Identified the +4 whip "Tuteskob" {flame, Fragile rF++
                  | Int+4 Stlth+}
 15108 | Lair:3   | Identified the +4 short sword of Mayhem {distort, rElec rC+
                  | Will+ Int+5}
 15530 | Lair:3   | Found a staircase to the Snake Pit.
 16554 | Lair:4   | Reached skill level 9 in Shields
 16627 | Lair:4   | Noticed Nessos
 16633 | Lair:4   | Killed Nessos
 17487 | Lair:4   | Received a gift from Trog
 18172 | Lair:5   | Reached XP level 14. HP: 101/120 MP: 14/14
 18851 | Lair:5   | Reached skill level 10 in Throwing
 19400 | Lair:6   | Entered Level 6 of the Lair of Beasts
 19643 | Lair:6   | Reached skill level 10 in Armour
 19654 | Lair:6   | Identified the amulet "Baohiwne" {RegenMP *Corrode rC++
                  | Int+7}
 19659 | Lair:6   | Identified the amulet of Mysticism {*Slow rPois rN+ Regen+
                  | SInv}
 19673 | Lair:6   | Identified the +3 morningstar "Gouloec" {freeze, Drain
                  | rPois rF++}
 20357 | Lair:6   | Found a viscous altar of Jiyva.
 20357 | Lair:6   | Found a staircase to the Slime Pits.
 20699 | Lair:6   | Received a gift from Trog
 21815 | Lair:6   | Reached XP level 15. HP: 126/126 MP: 15/15
 22013 | Orc:1    | Entered Level 1 of the Orcish Mines
 22014 | Orc:1    | Found Durahore's General Store.
 22038 | Orc:1    | Noticed an orc warlord
 22206 | D:9      | Killed an orc warlord
 22661 | Orc:2    | Entered Level 2 of the Orcish Mines
 23212 | Orc:1    | Reached ****** piety under Trog
 23469 | Orc:1    | Found a bloodstained altar of Trog.
 23479 | Orc:1    | Received a gift from Trog
 23685 | Orc:2    | Found a staircase to the Elven Halls.
 23710 | Orc:2    | Reached skill level 10 in Shields
 24073 | Orc:2    | Found Vofif's General Store.
 25053 | Orc:2    | Found Noduy's Antique Weapon Shop.
 25058 | Orc:2    | Found Ohasoicw's Distillery.
 25060 | Orc:2    | Found Kacvaef's Jewellery Shoppe.
 25094 | Orc:2    | Bought the ring "Ozi Rieh" {rElec rF++ EV+4 Str+3 Int-3}
                  | for 877 gold pieces
 25108 | Orc:2    | Bought a +4 ring of slaying for 1092 gold pieces
 26149 | D:13     | Received a gift from Trog
 27022 | D:13     | Reached skill level 11 in Shields
 28091 | D:14     | Noticed Kirke
 28108 | D:14     | Killed Kirke
 28143 | D:14     | Found a gate to the Vaults.
 28293 | D:14     | Identified the +0 helmet of Reason {rPois rC- Str+3 SInv}
 28922 | D:15     | Entered Level 15 of the Dungeon
 29262 | D:15     | Reached XP level 16. HP: 133/133 MP: 16/16
 29285 | D:15     | Reached skill level 12 in Shields
 29487 | D:15     | Found a staircase to the Depths.
 29865 | D:15     | Acquired 1161 gold pieces
 30200 | Swamp:1  | Entered Level 1 of the Swamp
 30212 | Swamp:1  | Received a gift from Trog
 30388 | Swamp:1  | Found a transporter.
 30399 | Swamp:1  | Noticed a tentacled monstrosity
 30402 | Swamp:1  | Noticed Voickih's ghost (adept MfGl)
 30402 | Swamp:1  | Noticed a thorn hunter
 30403 | Swamp:1  | Noticed a thorn hunter
 30406 | Swamp:1  | Noticed a thorn hunter
 30429 | Swamp:1  | Found a transporter.
 30513 | Swamp:1  | Acquired the amulet "Holeal" {rC++ Regen+ Slay+2}
 31174 | Swamp:2  | Reached skill level 13 in Shields
 31183 | Swamp:2  | Identified the +5 pair of gloves of Somewhere Else {+Inv
                  | Fly rCorr Slay-6}
 31183 | Swamp:2  | Noticed Nikola
 31199 | Swamp:2  | Killed Nikola
 31583 | Swamp:3  | Reached skill level 10 in Dodging
 32145 | Swamp:4  | Entered Level 4 of the Swamp
 32366 | Swamp:4  | Reached skill level 14 in Shields
 32395 | Swamp:4  | Reached XP level 17. HP: 127/139 MP: 17/17
 32515 | Swamp:4  | Received a gift from Trog
 32641 | Swamp:4  | Identified the +0 leather armour "Atizezei" {Str+5 Dex+2}
 32808 | Swamp:4  | Noticed a tentacled monstrosity
 32827 | Swamp:4  | Killed a tentacled monstrosity
 32833 | Swamp:3  | Reached skill level 15 in Shields
 32935 | Swamp:4  | Reached skill level 1 in Stealth
 33169 | Swamp:4  | Got a decaying rune of Zot
 33323 | Snake:1  | Entered Level 1 of the Snake Pit
 33471 | Snake:1  | Noticed Aizul
 33504 | Snake:1  | Killed Aizul
 34025 | Snake:1  | Identified the +10 dagger "Sesecaqe" {vorpal, Dex+5}
 34141 | Snake:1  | Received a gift from Trog
 34371 | Snake:2  | Noticed Azrael
 34387 | Snake:2  | Killed Azrael
 34423 | Snake:2  | Found a frozen archway.
 34442 | IceCv    | Entered an ice cave
 34666 | IceCv    | Noticed an Ice Fiend
 34668 | IceCv    | Found the +4 dagger "Morg" {pain, Will+ Int+5}
 34678 | IceCv    | Killed an Ice Fiend
 34679 | IceCv    | Reached XP level 18. HP: 33/146 MP: 18/18
 34714 | IceCv    | Identified the +9 short sword of the World {flame, +Rage
                  | Str+4}
 35445 | Snake:2  | Received a gift from Trog
 35567 | Snake:2  | Found Joriakec's Jewellery Shop.
 35567 | Snake:2  | Found Itosaj's Book Shoppe.
 35568 | Snake:2  | Found Connearcho's Book Shoppe.
 36287 | Snake:3  | Reached skill level 16 in Shields
 37057 | Snake:3  | Reached skill level 15 in Throwing
 37161 | Snake:4  | Entered Level 4 of the Snake Pit
 37706 | Snake:4  | Identified the +11 spear of Lan Muo {vorpal, rF+ Dex+4}
                  | (Trog gifted it to you on level 4 of the Snake Pit)
 37706 | Snake:4  | Received a gift from Trog
 38360 | Snake:4  | Received a gift from Trog
 38534 | Snake:4  | Got a serpentine rune of Zot
 39131 | Elf:1    | Entered Level 1 of the Elven Halls
 39185 | Elf:1    | Reached XP level 19. HP: 135/152 MP: 19/19
 39323 | Elf:1    | Reached skill level 17 in Shields
 39442 | Elf:1    | Identified the +5 robe "Qadateuf" {rF++ Str-4}
 39995 | Elf:2    | Found Nojod's Magic Scroll Boutique.
 40301 | Elf:2    | Paralysed by an air elemental for 1 turns
 40345 | Elf:2    | Received a gift from Trog
 40574 | Elf:2    | Found a huge runed translucent gate.
 40574 | Elf:2    | Found a huge runed translucent gate.
 40574 | Elf:2    | Found a huge runed translucent gate.
 40575 | Elf:2    | Found a huge runed translucent gate.
 40575 | Elf:2    | Found a huge runed translucent gate.
 40886 | Elf:2    | Reached skill level 18 in Shields
 41432 | Elf:3    | Entered Level 3 of the Elven Halls
 41560 | Elf:3    | Identified the +6 long sword of the Globe {vorpal, Dex+3}
                  | (Trog gifted it to you on level 3 of the Elven Halls)
 41560 | Elf:3    | Received a gift from Trog
 41581 | Elf:3    | Found Kearhosm's Distillery.
 41827 | Elf:3    | Found a portal to a secret trove of treasure.
 42020 | Orc:1    | Bought the +8 trident of the Octopus King {venom, rElec
                  | rPois Will+} for 1020 gold pieces
 42020 | Orc:1    | Found the +8 trident of the Octopus King {venom, rElec
                  | rPois Will+}
 42225 | Elf:3    | You paid a toll of the trident of the Octopus King to enter
                  | a treasure trove
 42226 | Trove    | Entered a treasure trove
 42244 | Trove    | Identified the +5 war axe of Duahist {antimagic, rElec
                  | Will+ Str-5 Int+3}
 42245 | Trove    | Identified the +10 great mace of Success {vorpal, rPois
                  | Will++ rCorr}
 42247 | Trove    | Identified the +6 short sword of Watchfulness {vorpal, rN++
                  | Will- Str+6}
 42266 | Trove    | Identified the amulet of Scepticism {Acrobat rC+ rN+ Int+4}
 42268 | Trove    | Identified the amulet "Omat" {Spirit Int-3 Dex+7}
 42272 | Trove    | Identified the amulet of the Tempest {Acrobat Int+7}
 42967 | Elf:3    | Identified the +6 trident of the Twisting Madman
                  | {antimagic, Drain rN+ rCorr}
 42983 | Elf:3    | Identified the ring "Kaweuxo" {rC+ rN+}
 42991 | Elf:3    | Reached skill level 19 in Shields
 43019 | Elf:3    | Reached XP level 20. HP: 106/159 MP: 20/20
 43040 | Elf:3    | Identified the +12 great sword of Wariness {flame, rN+
                  | Int+3}
 43040 | Elf:3    | Identified the ring of Curiosity {rPois Will+ Str+6 Dex+3}
 43043 | Elf:3    | Identified the amulet "Mut Zips" {Faith rElec Str+5}
 43395 | Elf:3    | Identified the Disquisition on Attacks
 43402 | Elf:3    | Identified Jazxaerch's Compendium of Transformation
 43421 | Elf:3    | Identified the Guide on Excruciating Heat
 44713 | Vaults:1 | Entered Level 1 of the Vaults
 44805 | Vaults:1 | Received a gift from Trog
 45207 | Vaults:1 | Reached skill level 20 in Shields
 45252 | Vaults:1 | Received a gift from Trog
 46242 | Vaults:1 | Reached skill level 21 in Shields
 46344 | Vaults:1 | Acquired 1225 gold pieces
 46632 | Vaults:1 | Reached XP level 21. HP: 136/165 MP: 21/21
 46709 | Vaults:1 | Received a gift from Trog
 46769 | Vaults:1 | Identified the +0 plate armour of Ybuat {Str+2 Int+6}
 47655 | Vaults:1 | Found Geic Iqici's Antique Weapon Boutique.
 47919 | Vaults:2 | Found a staircase to the Crypt.
 47921 | Vaults:2 | Paralysed by a vampire knight for 3 turns
 48129 | Vaults:2 | Reached skill level 22 in Shields
 48232 | Vaults:2 | Received a gift from Trog
 48644 | Vaults:2 | Noticed Mennas
 48689 | Vaults:2 | Killed Mennas
 50095 | Vaults:3 | Reached skill level 23 in Shields
 50120 | Vaults:3 | Cast into level 3 of the Abyss (a wizard)
 50120 | Abyss:3  | Found a corrupted altar of Lugonu.
 50129 | Vaults:3 | Escaped the Abyss
 50675 | Vaults:3 | Reached XP level 22. HP: 161/172 MP: 22/22
 51015 | Vaults:4 | Received a gift from Trog
 51069 | Vaults:4 | Cast into level 2 of the Abyss (a wizard)
 51080 | Vaults:4 | Escaped the Abyss
 51128 | Vaults:4 | Reached skill level 10 in Evocations
 51469 | Vaults:4 | Found Yziciytu's Armour Shop.
 52410 | Vaults:4 | Received a gift from Trog
 52880 | Depths:1 | Entered Level 1 of the Depths
 52880 | Depths:1 | Found Fapremme's Demolitions Depot.
 52884 | Depths:1 | Reached skill level 24 in Shields
 52959 | Depths:1 | Found a gateway to Hell.
 53051 | D:15     | Acquired a +1 plate armour of willpower
 53539 | Depths:1 | Acquired the +3 pair of seven-league boots {Rampage+∞}
 53540 | Depths:1 | Found the +3 pair of seven-league boots {Rampage+∞}
 53702 | Depths:1 | Noticed Asterion
 53705 | Depths:1 | Found a stormy altar of Qazlal.
 53805 | Depths:1 | Killed Asterion
 53836 | Depths:1 | Reached XP level 23. HP: 178/178 MP: 23/23
 54286 | Depths:2 | Identified the +8 trident "Rokahuri" {vorpal, *Slow rElec
                  | rF+ Str+4} (Trog gifted it to you on level 2 of the Depths)
 54286 | Depths:2 | Received a gift from Trog
 54627 | Depths:2 | Reached skill level 25 in Shields
 55924 | Depths:3 | Received a gift from Trog
 56051 | Depths:3 | You fall into a shaft and drop 2 floors!
 56051 | Depths:5 | Entered Level 5 of the Depths
 56225 | Depths:5 | Reached XP level 24. HP: 187/187 MP: 23/23
 56590 | Depths:3 | Reached skill level 15 in Fighting
 56591 | Depths:3 | Noticed a juggernaut
 56608 | Depths:3 | Killed a juggernaut
 56647 | Depths:3 | Identified the +3 leather armour of the Loofah {+Inv rCorr
                  | Str+4}
 56657 | Depths:3 | Reached skill level 15 in Dodging
 56671 | Depths:3 | Received a gift from Trog
 56840 | Depths:3 | Found a one-way gate leading to the halls of Pandemonium.
 57664 | Depths:3 | Identified the ring of Immorality {rF+ EV+4}
 58850 | Depths:4 | Reached skill level 15 in Polearms
 58853 | Depths:4 | Identified the ring "Gezauc" {Fly rCorr Str+6}
 58877 | Depths:4 | Found Veereq Joiz's Weapon Boutique.
 59187 | Depths:4 | Found a transporter.
 59202 | Depths:4 | Reached skill level 15 in Armour
 59305 | Depths:4 | Received a gift from Trog
 59345 | Depths:4 | Found a transporter.
 59404 | Depths:4 | Noticed a caustic shrike
 59417 | Depths:4 | Killed a caustic shrike
 59434 | Depths:4 | Reached XP level 25. HP: 155/197 MP: 23/23
 59481 | Depths:4 | Found Cote's Jewellery Boutique.
 59507 | Depths:4 | Bought the ring of Uqimpoeg {rPois rF+ Int-4 Slay+5} for
                  | 1171 gold pieces
 59549 | Depths:4 | Identified the ring of Etwyimoz {Will+ Stlth+}
 59681 | Depths:4 | Identified the ring of Qicenud {rN+ rCorr Dex+5}
 59705 | Depths:4 | Found Jeniobin's Jewellery Shop.
 59938 | Depths:5 | Found a gate to the Realm of Zot.
 60157 | Depths:5 | Received a gift from Trog
 60263 | Depths:5 | Found a gateway to a ziggurat.
 60375 | Depths:5 | Found a runed translucent door.
 60376 | Depths:5 | Noticed Caetesh's ghost (master GnFi)
 60867 | Depths:5 | Killed Caetesh's ghost
 60885 | Depths:5 | Found a runed translucent door.
 60889 | Depths:5 | Noticed Goerukk's ghost (adept HuFi)
 60968 | Depths:5 | Killed Goerukk's ghost
 61004 | Depths:5 | Found a runed translucent door.
 61004 | Depths:5 | Noticed Kedwuhen's ghost (adept HuFi)
 61086 | Depths:5 | Killed Kedwuhen's ghost
 61471 | Vaults:5 | Entered Level 5 of the Vaults
 61471 | Vaults:5 | Noticed Saint Roka
 61578 | Vaults:5 | Noticed an ancient lich
 61602 | Vaults:5 | Killed from afar by an ancient lich

Illustrated notes

Levels and vault maps discovered:
D:1:      minmay_arrival_glassed_features, layout_rooms, st_stairs_11,
          minmay_domino_4
D:2:      layout_rooms, grunt_ministairs_8
D:3:      minmay_angry_zag, layout_basic, kennysheep_generic_room_6,
          uniq_sigmund
D:4:      layout_basic, serial_shops, nicolae_stop_n_shop_2
D:5:      layout_loops_ring, nicolae_gozag_cash_rules_everything_around_me,
          uniq_eustachio
D:6:      layout_rooms, minmay_temple_entry_butterflies, uniq_pikel
D:7:      layout_basic, uniq_duvessa, uniq_joseph
D:8:      minmay_s_stair_smasher, layout_basic, kennysheep_flooded_box
D:9:      due_chaos_kobolds, layout_rooms, zombieorc2_lemuel, serial_shops,
          nicolae_shop_trees, minmay_stone_trees_medium
D:10:     layout_rooms, special_room [special_room_kobold]
D:11:     minmay_evil_eye, layout_gridville, dpeg_lair_monsters, uniq_snorg
D:12:     layout_basic
D:13:     layout_grid_maze
D:14:     layout_basic, david_vaults_1, minivault_23, hangedman_tell_no_tales,
          uniq_kirke
D:15:     gammafunk_depths_entry_grave, layout_basic, hangedman_decor_lopped,
          minmay_variable_closet
Lair:1:   layout_gridlike
Lair:2:   layout_misc_corridors, minmay_swamp_entry_eels
Lair:3:   layout_gridlike, guppyfry_snake_entry_garden, serial_bayou_shore_b,
          minmay_lair_oklob_chamber, infiniplex_staircase_pool
Lair:4:   layout_regular_city, uniq_nessos
Lair:5:   layout_roguey
Lair:6:   gammafunk_lair_ancient_temple, layout_cave_shapes,
          dpeg_slime_entry_enclosed_altar
Swamp:1:  layout_falls_marsh, gammafunk_ghost_arena,
          evilmike_swamp_ruin_rubble_2
Swamp:2:  layout_basic_swamp, nicolae_swamp_oxbows, swamp_pool4,
          infiniplex_staircase_pool_2, uniq_nikola
Swamp:3:  layout_basic_swamp, evilmike_swamp_ruin_house_4, swamp_pool1,
          cheibrodos_swamp_pet_leeches
Swamp:4:  swamp_alternative, layout_basic_swamp
Snake:1:  layout_rooms, nicolae_snake_ghostly_warrior_ritual, uniq_aizul
Snake:2:  layout_onion_interference, portal_ice_cave_entry_pillars_four,
          nicolae_snake_gridmaze_big_u, minmay_shop_grove, uniq_azrael
Snake:3:  layout_onion, special_room, st_stairs_4, serial_bayou_pond_e
Snake:4:  minmay_snake_end_coiled, layout_cave_town
Orc:1:    layout_caves, serial_shops, nicolae_shop_stone,
          david_defended_altar_orc
Orc:2:    st_orc_elflike, layout_diamond_mine
Elf:1:    eino_elf_arrival_shootout, layout_loops_cross, hangedman_elf_disciples
Elf:2:    layout_onion_city, serial_shops, shop, minmay_misc_feat_five
Elf:3:    minmay_elf_hall_not_hex, layout_geoelf_octagon,
          trove_entry_hex_spiral, serial_shops,
          nicolae_shop_competitors_out_of_business, corner_web_ring,
          st_stairs_11
Vaults:1: nicolae_vaults_lopsided_apartments, nicolae_vaults_arrows,
          nicolae_vaults_network_quinsquares
          [nicolae_vaults_network_quincunx_subvault,
          nicolae_vaults_network_quincunx_subvault,
          nicolae_vaults_network_quincunx_subvault,
          nicolae_vaults_network_quincunx_subvault],
          ontoclasm_vaults_ring_square, nicolae_vaults_triangles,
          nicolae_vaults_angled_halls, ontoclasm_vaults_ligature,
          vaults_room_corners, hangedman_vaults_stretched_pinwheel,
          nicolae_vaults_specimen_jars, ontoclasm_vaults_ring_small,
          nicolae_vaults_network_square, layout_vaults_omnicross, serial_shops,
          shop
Vaults:2: v_misc_10, minmay_crypt_entry_vampire_xt, grunt_vaults_focal,
          v_misc_30, v_misc_2, vaults_room_large_hall, v_misc_4,
          vaults_dpeg_cross, nicolae_vaults_diagonal_hallway_7,
          layout_vaults_omnigrid, uniq_mennas
Vaults:3: vaults_room_stairs_pillars, v_alt_pattern_3,
          hangedman_vaults_variations, ontoclasm_vaults_eye,
          ontoclasm_vaults_idyll, vaults_room_hallway, vaults_room_semicircle,
          nicolae_vaults_alarming, vaults_room_corners, v_misc_12,
          layout_vaults_ring
Vaults:4: vaults_room_door_ring, v_misc_16, vaults_mumra_lcd,
          vaults_mumra_chevron, v_pattern_4, hangedman_vaults_nodes,
          hangedman_vaults_snaps, hangedman_vaults_hat, vaults_room_pool,
          ontoclasm_vaults_claustrophobia, ontoclasm_vaults_twist,
          dpeg_vaults_monster_row, v_misc_4, nicolae_vaults_theta,
          vaults_dpeg_ring, layout_vaults_omnibox, serial_shops, shop
Vaults:5: uniq_boris, uniq_saint_roka
Depths:1: layout_cross, hell_entry, nicolae_qazlal_scattered_showers,
          nicolae_blasting_shop, uniq_asterion
Depths:2: minmay_quarter_circles, layout_cave_shapes,
          serial_sigils_hangedman_scar, hell_entry
Depths:3: angbandy_vault, layout_gridville, minmay_hedge_maze,
          rand_demon_pan_entry_8, hell_entry, infiniplex_staircase_zigzag_4
Depths:4: hangedman_spin_cycle, hell_entry, abyss_entry
Depths:5: grunt_zot_entry_funnels, layout_honeycomb, enter_ziggurat_a,
          muffindrake_ghost_three_little_ghosts, hell_entry,
          chequers_serial_rivers_micro_e

Skill      XL: |  1  2  3  4  5  6  7  8  9 10 11 12 13 14 15 16 17 18 19 20 21 22 23 24 25 |
---------------+----------------------------------------------------------------------------+-----
Long Blades    | 4 5 6 7 |  7.4
Armour         | 2 3 4 5 6 7 11 12 13 15 16 | 16.1
Fighting       | 4 5 6 9 12 14 16 | 16.8
Shields        | 2 4 6 8 9 11 14 15 16 19 21 23 24 25 | 25.1
Polearms       | 7 11 12 13 15 17 | 17.0
Dodging        | 6 7 10 12 13 14 15 16 | 16.5
Evocations     | 6 7 9 11 12 | 12.0
Throwing       | 1 4 7 9 11 12 13 16 | 16.0
Stealth        | 3 |  3.0

Action                   |  1- 3 |  4- 6 |  7- 9 | 10-12 | 13-15 | 16-18 | 19-21 | 22-24 | 25-27 || total
-------------------------+-------+-------+-------+-------+-------+-------+-------+-------+-------++-------
Melee: Falchion          |   115 |   203 |    76 |       |       |       |       |       |       ||   394
       Lance             |       |       |   181 |   825 |  1672 |  1832 |  2058 |  2248 |   505 ||  9321
       Tailslap          |       |       |       |       |    15 |    62 |       |    23 |       ||   100
Throw: Dart              |       |     5 |    22 |    25 |   131 |       |     3 |       |       ||   186
       Boomerang         |       |       |       |       |    83 |   163 |    67 |    30 |       ||   343
       Throwing net      |       |       |       |       |       |       |     2 |       |       ||     2
Invok: Berserk           |     2 |     2 |     4 |     4 |     7 |     9 |     7 |     9 |     1 ||    45
       Trog's Hand       |       |     1 |       |     3 |     6 |     3 |    10 |    11 |     3 ||    37
       Brothers in Arms  |       |       |     1 |     1 |     5 |     2 |     6 |     3 |     2 ||    20
Evoke: Lightning rod     |       |       |       |       |     4 |       |       |     1 |       ||     5
       Tin of tremorston |       |       |       |       |     2 |       |     1 |       |       ||     3
       Phial of floods   |       |       |       |       |       |     1 |       |       |       ||     1
       Condenser vane    |       |       |       |       |       |       |     1 |     2 |       ||     3
  Use: Scroll            |       |     9 |    10 |    11 |     3 |     3 |    11 |     3 |     1 ||    51
       Potion            |       |       |       |       |     1 |     1 |     2 |     1 |     2 ||     7
 Stab: Petrified         |       |       |       |       |     5 |       |       |       |       ||     5
       Distracted        |       |       |       |       |       |       |     1 |       |       ||     1
Armor: Plate armour      |   117 |    59 |       |       |    85 |   380 |   442 |   270 |    31 ||  1384
       Chain mail        |       |    52 |    63 |   217 |   267 |       |       |       |       ||   599
       Ring mail         |       |       |    54 |       |       |       |       |       |       ||    54
       Gold dragon scale |       |       |       |       |       |       |       |       |    19 ||    19
Dodge: Dodged            |    48 |    68 |    89 |   110 |   274 |   413 |   476 |   334 |    76 ||  1888
Block: Buckler           |       |       |    24 |    82 |   384 |       |       |       |       ||   490
       Reflection        |       |       |       |       |    25 |    11 |       |       |       ||    36
       Kite shield       |       |       |       |       |    43 |   601 |   995 |       |       ||  1639
       Tower shield      |       |       |       |       |       |       |   211 |  1274 |   229 ||  1714
       Rpst.: Falchion   |     9 |    27 |    15 |       |       |       |       |       |       ||    51

Table legend: (Time is in decaauts)
 A = Elapsed time spent in this place.
 B = Non-inter-level travel time spent in this place.
 C = Inter-level travel time spent in this place.
 D = Time resting spent in this place.
 E = Time spent auto-exploring this place.
 F = Levels seen in this place.
 G = Mean time per level.
                   A        B        C        D        E       F      G
               +--------+--------+--------+--------+--------+-----+--------+
         Total |  56771 |  50083 |   6688 |   4024 |  34833 |  48 | 1182.7 |
       Dungeon |  18173 |  15556 |   2617 |    842 |  12038 |  15 | 1211.5 |
          Lair |  10270 |   9416 |    854 |   1115 |   6979 |   6 | 1711.7 |
         Swamp |   2515 |   2243 |    272 |    177 |   1377 |   4 |  628.8 |
     Snake Pit |   4664 |   4128 |    536 |    190 |   2684 |   4 | 1166.0 |
  Orcish Mines |   2949 |   2580 |    369 |    593 |   1467 |   2 | 1474.5 |
   Elven Halls |   4213 |   3666 |    547 |    222 |   2538 |   3 | 1404.3 |
        Vaults |   7028 |   5985 |   1043 |    470 |   3835 |   5 | 1405.6 |
        Depths |   6402 |   5956 |    446 |    365 |   3647 |   5 | 1280.4 |
         Abyss |     23 |     23 |      0 |      0 |      0 |   2 |   11.5 |
         Trove |    131 |    131 |      0 |      0 |     57 |   1 |  131.0 |
      Ice Cave |    398 |    398 |      0 |     47 |    209 |   1 |  398.0 |
               +--------+--------+--------+--------+--------+-----+--------+

Top non-repeatable levels by time:
Vaults:1: 2435 daAuts
  Lair:2: 2318 daAuts
  Lair:6: 2138 daAuts
    D:13: 2022 daAuts
Depths:3: 1877 daAuts
  Lair:3: 1837 daAuts
   Elf:3: 1815 daAuts
Vaults:2: 1764 daAuts
    D:11: 1640 daAuts
Vaults:4: 1592 daAuts
   Orc:2: 1585 daAuts
     D:9: 1554 daAuts
   Elf:2: 1546 daAuts
  Lair:4: 1530 daAuts
 Snake:4: 1426 daAuts
